 Dungeon Crawl Stone Soup version 0.31-a0-1098-g6898e6545c (webtiles) character file.

Game seed: 1721068562907182777

3400 Dirtsage the Mimic (level 10, -11/69 HPs)
             Began as an Octopode Shapeshifter on Nov 30, 2023.
             Was an Initiate of Gozag.
             Mangled by a two-headed ogre
             ... wielding a +0 giant spiked club
              (14 damage)
             ... on level 8 of the Dungeon.
             The game lasted 00:17:23 (7198 turns).

Dirtsage the Mimic (Octopode Shapeshifter)          Turns: 7198, Time: 00:17:23

Health: -11/69     AC:  5    Str: 19    XL:     10   Next: 4%
Magic:  0/10       EV: 13    Int: 14    God:    Gozag
Gold:   521        SH:  0    Dex: 15    Spells: 9/9 levels left

rFire   . .          .
                       - Unarmed
rCold   . . .        (no shield)
rNeg    . . .        (helmet currently unavailable)
rPois   .            k - amulet of guardian spirit
rElec   .            o - +4 ring of protection
rCorr   .            z - +6 ring of strength
SInv    .            (no ring)
Will    .....        (no ring)
Stlth   ++           (no ring)
HPRegen 0.31/turn    (no ring)
MPRegen 0.12/turn    (no ring)
                     (no ring)

%: guardian spirit
@: beast-form
A: beast (slay +4), almost no armour, amphibious, 8 rings, camouflage 1,
gelatinous body 1, (nimble swimmer 1), tentacles
a: Begin Untransformation, Renounce Religion, Potion Petition, Call Merchant,
Bribe Branch


You were on level 8 of the Dungeon.
You worshipped Gozag.
Gozag was pleased with you.
You were a hulking beast.
You visited 2 branches of the dungeon, and saw 9 of its levels.

You collected 1040 gold pieces.
You spent 464 gold pieces at shops.
You paid 55 gold pieces to Gozag.

Inventory:

Hand Weapons
 a - a +0 sling
Magical Staves
 C - a staff of death
Jewellery
 k - an amulet of guardian spirit (around mantle)
 o - a +4 ring of protection (left tentacle)
 z - a +6 ring of strength (right tentacle)
Talismans
 b - a beast talisman
 c - a flux talisman
Wands
 j - a wand of polymorph (4)
 u - a wand of charming (12)
 E - a wand of mindburst (4)
Scrolls
 e - a scroll of noise
 f - a scroll of enchant armour
 g - a scroll of fear
 m - 4 scrolls of fog {unknown}
 r - a scroll of silence
 t - 3 scrolls of teleportation
 x - a scroll of butterflies
 y - a scroll of amnesia
 A - 2 scrolls of poison
 B - 4 scrolls of blinking
 D - a scroll of vulnerability
Potions
 d - a potion of might
 h - 4 potions of haste
 i - a potion of enlightenment {unknown}
 l - a potion of heal wounds
 n - a potion of resistance
 p - 3 potions of mutation
 q - 6 potions of curing
 s - 5 potions of attraction
 v - a potion of lignification
 w - 2 potions of brilliance


   Skills:
 + Level 6.9 Fighting
 - Level 1.0 Long Blades
 - Level 2.0 Dodging
 + Level 7.4 Unarmed Combat
 * Level 9.6 Shapeshifting


You had 9 spell levels left.
You didn't know any spells.
Your spell library contained the following spells:

 Spells                   Type           Power      Damage    Failure   Level
 Slow                     Hex            0%         N/A       28%         1
 Confusing Touch          Hex            0%         N/A       65%         3
 Gell's Gravitas          Tloc           0%         N/A       65%         3
 Sigil of Binding         Hex            0%         N/A       65%         3
 Teleport Other           Tloc           0%         N/A       65%         3
 Vampiric Draining        Necr           0%         2d6       65%         3
 Dispersal                Tloc           0%         N/A       100%        6


Dungeon Overview and Level Annotations

Branches:
Dungeon (8/15)             Temple (1/1) D:4
   Lair: D:8-11

Altars:
Cheibriados
Dithmenos
Elyvilon
Fedhas
Gozag
Hepliaklqana
Kikubaaqudgha
Makhleb
Nemelex Xobeh
Okawaru
Qazlal
Sif Muna
Trog
Uskayaw
Vehumet
Wu Jian
Yredelemnul
Zin
The Shining One

Shops:
D:5 *   D:6 !   D:7 ?

Annotations:
D:8 2 runed translucent doors


Innate Abilities, Weirdness & Mutations

You are a hulking beast.
Your limbs bulge with bestial killing power. (Slay +4)
You cannot wear most types of armour.
You are amphibious.
You can wear up to eight rings at the same time.
Your skin changes colour to match your surroundings (Stealth+).
Your rubbery body absorbs attacks. (AC +1, EV +1)
((You are camouflaged when in or above water. (Stealth+)))
You have tentacles for arms and can constrict up to eight enemies at once.


Message History

Okay, then.
You shoot a sling bullet.
The sling bullet hits the two-headed ogre but does no damage.
The two-headed ogre shouts in stereo!
You shoot a sling bullet.
The sling bullet barely misses the two-headed ogre.
You shoot a sling bullet.
The sling bullet hits the two-headed ogre.
The two-headed ogre is lightly wounded.
You shoot a sling bullet.
The sling bullet hits the two-headed ogre.
The two-headed ogre is lightly wounded.
You are now empty-tentacled.
You bludgeon the two-headed ogre!
Your squeeze misses the two-headed ogre.
The two-headed ogre is moderately wounded.
The two-headed ogre hits you with a +0 giant spiked club!
The two-headed ogre hits you with a +0 dire flail!
You take 26 damage, and have 43/69 hp.
MASSIVE DAMAGE!!
You now have 5/10 mp.
You bludgeon the two-headed ogre!
Your squeeze misses the two-headed ogre.
The two-headed ogre is heavily wounded.
You bludgeon the two-headed ogre!
You squeeze the two-headed ogre, but do no damage.
The two-headed ogre is severely wounded.
The two-headed ogre hits you with a +0 giant spiked club!!
The two-headed ogre hits you with a +0 dire flail!
* * * LOW HITPOINT WARNING * * *
You take 27 damage, and have 17/69 hp.
MASSIVE DAMAGE!!
You now have 2/10 mp.
You tentacle-slap the two-headed ogre but do no damage.
You tentacle-slap the two-headed ogre.
The two-headed ogre is severely wounded.
You bludgeon the two-headed ogre!
You squeeze the two-headed ogre, but do no damage.
The two-headed ogre is almost dead.
The two-headed ogre hits you with a +0 giant spiked club!
* * * LOW HITPOINT WARNING * * *
The two-headed ogre hits you with a +0 dire flail!
You die...
Your body crumbles into a pile of gold.

#.#####.#####..# #.##.........
#.# #.# #..######.##.#######. #.#
#.# #..#.............<... #.#
#.#####.........#..####.... #.#
#...........###.#..####.##.
#.###########.##..............##.
..........# #.##.####..#.#######.
..#######.###.##.# #..#.# #.
#.######...##.##h# #..#.# #.
#.....>.......##O# #..#.# #.
########...#####.# #..#.#######.
##.## #.# #..#......... #.# #.#
#(........... #.# #.#
############. #.# #.# #. #.# #.#
#. #.. ##


You could see a two-headed ogre.

Vanquished Creatures
  2 wyverns
  A steam dragon (D:8)
  A water moccasin (D:7)
  A sky beast (D:6)
  2 orc warriors
  2 black bears
  2 ice beasts
  2 ogres
  2 centaurs
  2 kobold brigands
  2 bullfrogs (D:7)
  A water moccasin zombie (D:6)
  8 wights
  2 wyvern zombies (D:6)
  2 scorpions
  A howler monkey (D:5)
  2 bullfrog zombies (D:6)
  4 hounds
  A jelly (D:6)
  A gnoll bouda (D:6)
  3 orc priests
  3 iguanas
  Ijyb (D:4)
  2 orc wizards
  2 sleepcaps
  A killer bee zombie (D:6)
  A howler monkey zombie (D:6)
  Robin (D:2)
  11 gnolls
  6 adders
  2 shadow imps
  2 white imps
  2 ufetubi (D:6)
  4 worms
  A dart slug (D:1)
  5 orcs
  4 ball pythons
  7 bats
  10 endoplasms
  2 giant cockroaches
  19 goblins
  13 hobgoblins
  7 jackals
  21 kobolds
  4 quokkas
  3 frilled lizards
  4 rats
182 creatures vanquished.

Vanquished Creatures (others)
  A scorpion (D:6)
1 creature vanquished.

Grand Total: 183 creatures vanquished

Notes
Turn   | Place    | Note
-------+----------+-------------------------------------------
     0 | D:1      | Dirtsage the Octopode Shapeshifter began the quest for the
                  | Orb.
     0 | D:1      | Reached XP level 1. HP: 13/13 MP: 1/1
    84 | D:1      | Reached XP level 2. HP: 14/18 MP: 2/2
   231 | D:1      | Reached XP level 3. HP: 23/23 MP: 3/3
   328 | D:1      | Found a faded altar of an unknown god.
   958 | D:2      | Noticed Robin
  1157 | D:2      | Reached XP level 4. HP: 29/29 MP: 4/4
  1169 | D:2      | Killed Robin
  1235 | D:2      | Reached skill level 4 in Shapeshifting
  1607 | D:3      | Reached XP level 5. HP: 31/35 MP: 5/5
  2187 | D:4      | Found a hide-covered altar of Uskayaw.
  2198 | D:4      | Found a glowing golden altar of the Shining One.
  2221 | D:4      | Reached XP level 6. HP: 31/41 MP: 6/6
  2264 | D:4      | Found a staircase to the Ecumenical Temple.
  2273 | Temple   | Entered the Ecumenical Temple
  2291 | Temple   | Became a worshipper of Gozag Ym Sagoz the Greedy
  2457 | D:4      | Reached skill level 5 in Shapeshifting
  2625 | D:4      | Noticed Ijyb
  2660 | D:4      | Killed Ijyb
  2935 | D:5      | Entered Level 5 of the Dungeon
  2938 | D:5      | Noticed an orc warrior
  2953 | D:4      | Killed an orc warrior
  2954 | D:4      | Reached XP level 7. HP: 45/46 MP: 5/7
  3431 | D:5      | Reached skill level 6 in Shapeshifting
  3457 | D:5      | Reached skill level 5 in Unarmed Combat
  3585 | D:6      | HP: 2/48 [kobold brigand/+0 short sword (6)]
  3590 | D:6      | HP: 1/48 [poisoned by a scorpion]
  3637 | D:6      | Reached XP level 8. HP: 43/54 MP: 6/8
  3736 | D:6      | Found Rosionuh's Distillery.
  3744 | D:6      | Bought a potion of might for 44 gold pieces
  3744 | D:6      | Bought 2 potions of curing for 66 gold pieces
  3744 | D:6      | Bought a potion of curing for 33 gold pieces
  3744 | D:6      | Bought a potion of mutation for 88 gold pieces
  4131 | D:5      | Reached skill level 7 in Shapeshifting
  4328 | D:5      | Reached skill level 5 in Fighting
  4381 | D:5      | Found Kewivyes's Assorted Antiques.
  4397 | D:5      | You fall into a shaft and drop 1 floor!
  4538 | D:5      | Bought a scroll labelled NUNITS JEPUI for 29 gold pieces
  4538 | D:5      | Bought a scroll labelled YPPETWOBOX for 29 gold pieces
  4834 | D:6      | Reached skill level 1 in Long Blades
  4962 | D:6      | Found a basalt altar of Yredelemnul.
  4971 | D:6      | Reached XP level 9. HP: 31/61 MP: 5/9
  5088 | D:6      | Reached skill level 8 in Shapeshifting
  6242 | D:7      | Reached skill level 9 in Shapeshifting
  6245 | D:7      | Found Banaxzua's Magic Scroll Shop.
  6253 | D:7      | Bought a scroll of blinking for 97 gold pieces
  6253 | D:7      | Bought a scroll of identify for 26 gold pieces
  6253 | D:7      | Bought a scroll of identify for 26 gold pieces
  6253 | D:7      | Bought a scroll of identify for 26 gold pieces
  6898 | D:8      | Found a large runed translucent door.
  6899 | D:8      | Found a large runed translucent door.
  6997 | D:8      | Reached XP level 10. HP: 59/66 MP: 7/10
  7187 | D:8      | Noticed a two-headed ogre
  7198 | D:8      | HP: 3/69 [two-headed ogre/+0 giant spiked club (14)]
  7198 | D:8      | Mangled by a two-headed ogre

Illustrated notes

Levels and vault maps discovered:
D:1:      lightli_arrival_farm, layout_loops_ring,
          dreamdust_ecumenical_altar_grove, hangedman_decor_points,
          serial_bayou_ford_a
D:2:      layout_loops_ring, glass_columns_a, uniq_robin
D:3:      cheibrodos_old_hovel, layout_basic, serial_park_tiny_pond
D:4:      layout_cave_pools, overflow_temple_1_default,
          nicolae_uskayaw_dance_hall, minmay_temple_entry_grid,
          kennysheep_potato, uniq_ijyb
D:5:      layout_rooms, grunt_ministairs_6, st_stairs_3,
          minmay_misc_feat_more_columns, minmay_shop_grid_forest,
          feat_on_display
D:6:      layout_gridville, nicolae_yredelemnul_corpse_copse, serial_shops,
          nicolae_shop_pleasant_corner_grove, minmay_misc_feat_doors
D:7:      layout_basic, enter_bailey_2, serial_shops, shop
D:8:      layout_loops_ring, jmf_multi_god_temple2, nicolae_elemental_shop
Temple:   nicolae_temple_elliptical

Skill      XL: |  1  2  3  4  5  6  7  8  9 |
---------------+----------------------------+-----
Fighting       | 2 3 4 5 6 |  6.9
Shapeshifting  | 4 5 6 7 9 |  9.6
Unarmed Combat | 4 5 6 7 |  7.4
Long Blades    | 1 |  1.0
Dodging        | |  2.0

Action                     |  1- 3 |  4- 6 |  7- 9 | 10-12 || total
---------------------------+-------+-------+-------+-------++-------
  Melee: Unarmed           |    69 |   100 |   212 |     9 ||   390
         Constrict         |    22 |    22 |    51 |       ||    95
         Tentacles         |    12 |    21 |    55 |     2 ||    90
         Punch             |     3 |     3 |    18 |     1 ||    25
   Fire: Sling             |    10 |    72 |    29 |     4 ||   115
  Evoke: Wand              |       |       |     1 |       ||     1
    Use: Scroll            |       |     4 |     9 |       ||    13
         Potion            |       |     3 |     3 |       ||     6
   Stab: Sleeping          |     9 |     1 |     4 |       ||    14
 Armour: Skin              |    30 |    63 |   126 |    10 ||   229
  Dodge: Dodged            |    33 |    63 |   108 |     2 ||   206

Table legend: (Time is in decaauts)
 A = Elapsed time spent in this place.
 B = Non-inter-level travel time spent in this place.
 C = Inter-level travel time spent in this place.
 D = Time resting spent in this place.
 E = Time spent auto-exploring this place.
 F = Levels seen in this place.
 G = Mean time per level.
                   A        B        C        D        E       F      G
               +--------+--------+--------+--------+--------+-----+--------+
         Total |   7163 |   6788 |    375 |    518 |   4946 |   9 |  795.9 |
       Dungeon |   7126 |   6785 |    341 |    518 |   4946 |   8 |  890.8 |
        Temple |     36 |      2 |     34 |      0 |      0 |   1 |   36.0 |
               +--------+--------+--------+--------+--------+-----+--------+

Top non-repeatable levels by time:
     D:6: 1364 daAuts
     D:5: 1070 daAuts
     D:4: 957 daAuts
     D:7: 898 daAuts
     D:1: 809 daAuts
     D:2: 775 daAuts
     D:3: 755 daAuts
     D:8: 496 daAuts
  Temple: 36 daAuts
